 Dungeon Crawl Stone Soup version 0.17-a0-931-g11a8995 (webtiles) character file.

2036 FedoraBrony69 the Thaumaturge (level 9, 0/45 HPs)
             Began as a Deep Elf Conjurer on May 5, 2015.
             Was a Follower of Kikubaaqudgha.
             Shot with an arrow by a centaur (16 damage)
             ... on level 7 of the Dungeon.
             The game lasted 00:20:34 (6857 turns).

FedoraBrony69 the Thaumaturge (Deep Elf Conjurer)   Turns: 6857, Time: 00:20:34

Health: 0/45       AC:  8    Str:  5    XL:     9   Next: 4%
Magic:  0/24       EV: 12    Int: 24    God:    Kikubaaqudgha [*.....]
Gold:   358        SH:  0    Dex: 13    Spells: 5 memorised, 12 levels left

rFire  . . .     SeeInvis .     q - +0 trident (protect)
rCold  + . .     Clarity  .     a - +0 robe
rNeg   . . .     SustAb   .     (no shield)
rPois  .         Gourm    .     y - +0 helmet
rElec  .         Spirit   +     (no cloak)
rCorr  .         Warding  .     (no gloves)
rMut   .         Stasis   .     (no boots)
MR     .....                    i - amulet of guardian spirit
Stlth  ++........               t - -2 ring of dexterity (curse)
                                Q - ring of protection from cold

@: not resistant to hostile enchantments, unstealthy
A: no striking features
a: Receive Corpses, Renounce Religion


You were on level 7 of the Dungeon.
You worshipped Kikubaaqudgha.
Kikubaaqudgha was aware of your devotion.
You were near starving.

You visited 2 branches of the dungeon, and saw 8 of its levels.

You collected 358 gold pieces.

Inventory:

Hand weapons
 q - a +0 trident of protection (weapon)
Armour
 a - a +0 robe (worn)
 y - a +0 helmet (worn)
 z - a cursed -2 leather armour
 M - a +0 buckler
Magical staves
 O - an uncursed staff of summoning
 S - an uncursed staff of cold
Jewellery
 i - an amulet of guardian spirit (around neck)
 n - an uncursed amulet of resist mutation
 s - an uncursed ring of positive energy
 t - a cursed -2 ring of dexterity (right hand)
 Q - a ring of protection from cold (left hand)
Magical devices
 E - a wand of fire (2)
 H - a wand of lightning (6)
Scrolls
 d - 3 scrolls of teleportation {unknown}
 e - a scroll of noise {unknown}
 h - 3 scrolls of identify {unknown}
 k - a scroll of blinking {unknown}
 l - 3 scrolls of random uselessness {unknown}
 p - 2 scrolls of immolation {unknown}
 r - 2 scrolls of amnesia {unknown}
 w - 2 scrolls of fog {unknown}
 A - a scroll of fear {unknown}
 D - a scroll of holy word {unknown}
 F - 3 scrolls of remove curse {unknown}
 G - a scroll of recharging {unknown}
 I - 2 scrolls of vulnerability {unknown}
 K - a scroll of summoning
 T - a scroll of acquirement {unknown}
Potions
 g - 2 potions of might {unknown}
 u - a potion of ambrosia {unknown}
 v - a potion of lignification
 x - a potion of poison {unknown}
 B - a potion of resistance {unknown}
 C - a potion of flight {unknown}
 J - a potion of curing {unknown}
 L - a potion of magic {unknown}
 P - a potion of agility {unknown}
 R - a potion of brilliance {unknown}
Books
 b - a book of Conjurations

   Spells                             Type                      Level
   a - Magic Dart                     Conjuration                  1
   b - Searing Ray                    Conjuration                  2
   c - Dazzling Spray                 Conjuration/Hexes            3
   d - Fulminant Prism                Conjuration/Hexes            4
   e - Iskenderun's Mystic Blast      Conjuration                  4
   f - Iskenderun's Battlesphere      Conjuration/Charms           5
 N - Kikubaaqudgha's Papyrus of Evil
   (Kikubaaqudgha gifted it to you on level 7 of the Dungeon)

   Spells                             Type                      Level
   a - Animate Skeleton               Necromancy                   1
   b - Corpse Rot                     Necromancy                   2
   c - Sublimation of Blood           Necromancy                   2
   d - Regeneration                   Charms/Necromancy            3
   e - Control Undead                 Necromancy                   4
Comestibles
 c - 5 bread rations
 f - 3 slices of pizza
 j - a beef jerky
 m - 3 meat rations
 o - 7 fruits


   Skills:
 - Level 2.4 Dodging
 - Level 2.4 Stealth
 + Level 9.6 Spellcasting
 + Level 8.7 Conjurations
 - Level 9.0 Charms
 * Level 2.0 Necromancy


You had 12 spell levels left.
You knew the following spells:

 Your Spells              Type           Power        Failure   Level  Hunger
a - Magic Dart            Conj           ####         1%          1    None
b - Iskenderun's Battles  Conj/Chrm      ######..     4%          5    ####...
c - Iskenderun's Mystic   Conj           ######..     1%          4    #......
m - Sublimation of Blood  Necr           ###.......   4%          2    None
n - Regeneration          Chrm/Necr      #####.....   1%          3    None


Dungeon Overview and Level Annotations

Branches:
Dungeon (7/15)             Temple (1/1) D:4

Altars:
Ashenzari
Dithmenos
Elyvilon
Fedhas
Gozag
Kikubaaqudgha
Makhleb
Nemelex Xobeh
Okawaru
Qazlal
Ru
Sif Muna
Vehumet
Xom
Yredelemnul
The Shining One


Message History

The barrage of energy hits the centaur.
The centaur is moderately wounded.
The centaur shoots an arrow.
The arrow hits you!
The centaur shoots an arrow.
The arrow closely misses you.
Casting: Magic Dart
Confirm with . or Enter, or press ? or * to list all spells.
Aiming: Magic Dart
Press: ? - help, Shift-Dir - straight line, f/p - centaur
Aim: a centaur, wielding a shortbow (moderately wounded)
The magic dart hits the centaur.
The centaur is moderately wounded.
Your battlesphere fires!
The barrage of energy hits the centaur.
The centaur is severely wounded.
The centaur shoots an arrow.
The arrow hits you.
The centaur shoots an arrow.
The arrow misses you.
The centaur shoots an arrow.
The arrow closely misses you.
The centaur shoots an arrow.
The arrow hits you!
You die...
Kikubaaqudgha rasps: "You have failed me!
Welcome... death!"

#....#.# #..# #.......#
#....#)##########.##
###.#####
#....#.............# #.#
########.#########.###
#.# #.# #...# #.# #.####
##...# #.# ♣♣##.##.#
##....# #.# ♣P......#
#(._..# #.# ♣PP....#.#
#@(.[.# #.# ♣.P♣....#.#
#.....## #.#
♣.♣.P....#.####...*..#
#.# ♣♣♣##..#...##(.....#
#.# #+##...##......###.#
#####. #...##.......##.#
.......##...##c....#.##.#
#)c...(.(.....#.##.#
#.#.....#######..#.#


You could see a centaur.

Vanquished Creatures
  A hippogriff (D:7)
  A sky beast (D:6)
  Duvessa (D:5)
  A necrophage (D:5)
  An ice beast (D:7)
  3 ogres
  The ghost of chequers the Slasher, an average FoFi (D:6)
  2 giant frogs (D:7)
  Dowan (D:5)
  2 scorpions
  A crimson imp (D:7)
  A jelly (D:6)
  3 hounds
  5 iguanas
  4 orc priests
  4 orc wizards (D:7)
  4 worker ants
  A worker ant zombie (D:7)
  Robin (D:3)
  5 gnolls
  8 adders
  2 shadow imps (D:7)
  An ooze (D:4)
  2 adder skeletons
  3 worms
  18 orcs
  9 bats
  A bat skeleton (D:6)
  A bat zombie (D:6)
  17 goblins
  9 hobgoblins
  9 jackals
  A quokka (D:7)
  2 ball pythons (D:5)
  4 giant cockroaches
  2 giant geckos
  6 giant newts
  A giant spore (D:7)
  A jackal skeleton (D:6)
  18 kobolds
  20 rats
  A ballistomycete (D:7)
179 creatures vanquished.

Vanquished Creatures (others)
  An orc (D:7)
1 creature vanquished.

Grand Total: 180 creatures vanquished

Notes
Turn   | Place    | Note
--------------------------------------------------------------
     0 | D:1      | FedoraBrony69, the Deep Elf Conjurer, began the quest for the Orb.
     0 | D:1      | Reached XP level 1. HP: 10/10 MP: 6/6
   120 | D:1      | Reached XP level 2. HP: 15/15 MP: 1/8
   427 | D:1      | Reached XP level 3. HP: 19/19 MP: 8/10
   544 | D:1      | Reached skill level 5 in Conjurations
  1099 | D:2      | Reached XP level 4. HP: 24/24 MP: 5/12
  1513 | D:3      | Noticed Robin
  1526 | D:3      | Killed Robin
  1532 | D:3      | Reached skill level 5 in Spellcasting
  2053 | D:3      | Reached XP level 5. HP: 28/28 MP: 11/14
  2060 | D:3      | Learned a level 5 spell: Iskenderun's Battlesphere
  2065 | D:3      | Learned a level 4 spell: Iskenderun's Mystic Blast
  2223 | D:4      | Found a shimmering altar of Xom.
  2279 | D:4      | Reached skill level 6 in Conjurations
  2716 | D:4      | Reached XP level 6. HP: 25/32 MP: 5/16
  3041 | D:4      | Found a staircase to the Ecumenical Temple.
  3093 | Temple   | Entered the Ecumenical Temple
  3357 | Temple   | Became a worshipper of Kikubaaqudgha
  3548 | D:4      | Reached skill level 5 in Charms
  4010 | D:5      | Entered Level 5 of the Dungeon
  4038 | D:5      | Reached skill level 7 in Charms
  4038 | D:5      | Reached XP level 7. HP: 36/36 MP: 6/17
  4158 | D:5      | Found a white marble altar of Elyvilon.
  4267 | D:5      | Noticed Duvessa
  4267 | D:5      | Noticed Dowan
  4283 | D:5      | Killed Duvessa
  4315 | D:5      | Killed Dowan
  4979 | D:6      | Reached skill level 8 in Charms
  5069 | D:6      | Noticed chequers's ghost (average FoFi)
  5071 | D:6      | Killed chequers's ghost
  5071 | D:6      | Reached XP level 8. HP: 41/41 MP: 11/21
  5072 | D:6      | Found a stormy altar of Qazlal.
  5646 | D:7      | Acquired Kikubaaqudgha's first power
  5646 | D:7      | Received a gift from Kikubaaqudgha
  5649 | D:7      | Identified Kikubaaqudgha's Papyrus of Evil (Kikubaaqudgha gifted it to you on level 7 of the Dungeon)
  5661 | D:7      | Learned a level 2 spell: Sublimation of Blood
  5665 | D:7      | Learned a level 3 spell: Regeneration
  5896 | D:7      | Found a burning altar of Makhleb.
  5986 | D:7      | Reached skill level 9 in Spellcasting
  6839 | D:7      | Reached XP level 9. HP: 45/45 MP: 7/24
  6857 | D:7      | Shot with an arrow by a centaur

Action                   |  1- 3 |  4- 6 |  7- 9 || total
-------------------------+-------+-------+-------++-------
Melee: Hand axe          |     7 |       |       ||     7
       Unarmed           |     4 |       |       ||     4
       Trident           |     7 |    28 |    16 ||    51
 Cast: Magic Dart        |    68 |   153 |   152 ||   373
       Iskenderun's Myst |       |    13 |    25 ||    38
       Iskenderun's Batt |       |       |     7 ||     7
  Use: Potion            |       |       |     2 ||     2
  Eat: Chunk             |       |    11 |    10 ||    21
